 Dungeon Crawl Stone Soup version 0.29.1-12-g30fa7ad0bf (webtiles) character file.

Game seed: 15314640978024287171

1253 ArthurDent the Thaumaturge (level 8, -6/41 HPs)
             Began as a Deep Elf Fire Elementalist on Dec 17, 2022.
             Was a Follower of Vehumet.
             Mangled by a yak (12 damage)
             ... on level 5 of the Dungeon.
             The game lasted 00:11:01 (4611 turns).

ArthurDent the Thaumaturge (DEFE)                   Turns: 4611, Time: 00:11:01

Health: -6/41      AC:  5    Str:  5    XL:     8   Next: 26%
Magic:  6/22       EV: 12    Int: 23    God:    Vehumet [*.....]
Gold:   182        SH:  0    Dex: 15    Spells: 16/23 levels left

rFire   . . .      SeeInvis .   x - +1 dagger (elec)
rCold   . . .      Faith    .   (no shield)
rNeg    . . .      Spirit   .   a - +0 robe
rPois   .          Reflect  .   (no helmet)
rElec   .          Harm     .   t - +1 cloak
rCorr   .          Rampage  .   (no gloves)
Will    .....                   p - +0 pair of boots
Stlth   ++........              h - amulet of regeneration
HPRegen 0.93/turn               (no ring)
MPRegen 0.18/turn               (no ring)

@: no status effects
A: no striking features
a: Renounce Religion


You were on level 5 of the Dungeon.
You worshipped Vehumet.
Vehumet was aware of your devotion.
You visited 1 branch of the dungeon, and saw 5 of its levels.

You collected 182 gold pieces.

Inventory:

Hand Weapons
 x - a +1 dagger of electrocution (weapon)
Armour
 a - a +0 robe (worn)
 p - a +0 pair of boots (worn)
 t - a +1 cloak (worn)
Jewellery
 h - an amulet of regeneration (around neck)
 i - an amulet of faith
Wands
 m - a wand of mindburst (8)
 n - a wand of polymorph (7)
Scrolls
 d - 3 scrolls of teleportation
 e - a scroll of enchant armour
 g - a scroll of enchant weapon {unknown}
 j - a scroll of torment {unknown}
 k - a scroll of amnesia
 o - 3 scrolls of poison
 q - a scroll of blinking
 u - 2 scrolls of butterflies
 v - a scroll of brand weapon {unknown}
Potions
 b - a potion of magic
 f - 2 potions of mutation
 l - 2 potions of might {unknown}
 r - a potion of resistance
 s - a potion of lignification
 w - a potion of brilliance


   Skills:
 - Level 2.4 Dodging
 - Level 2.4 Stealth
 + Level 8.0 Spellcasting
 + Level 6.3 Conjurations
 + Level 7.1 Fire Magic


You had 16 spell levels left.
You knew the following spells:

 Your Spells              Type           Power      Damage    Failure   Level
a - Foxfire               Conj/Fire      100%       2x1d9     1%          1
b - Scorch                Fire           84%        2d9       1%          2
c - Flame Wave            Conj/Fire      40%        2d11      4%          4

Your spell library contained the following spells:

 Spells                   Type           Power      Damage    Failure   Level
 Sandblast                Erth           18%        2d7       7%          1
 Conjure Flame            Conj/Fire      40%        6-21      1%          3
 Inner Flame              Hex/Fire       25%        N/A       4%          3
 Portal Projectile        Hex/Tloc       18%        N/A       21%         3
 Summon Guardian Golem    Hex/Summ       9%         N/A       21%         3
 Tukima's Dance           Hex            9%         N/A       21%         3
 Blade Hands              Tmut           4%         N/A       88%         5
 Orb of Destruction       Conj           19%        9d8       99%         7
 Spellforged Servitor     Conj/Summ      11%        N/A       100%        7


Dungeon Overview and Level Annotations

Branches:
Dungeon (5/15)             Temple (0/1) D:4

Altars:
Cheibriados
Fedhas
Gozag
Makhleb
Nemelex Xobeh
Vehumet
The Shining One

Shops:
D:1 [


Message History

Casting: Scorch (safe; 1% risk of failure)
Confirm with . or Enter, or press ? or * to list all spells.
Flames lash the yak.
The yak is moderately wounded.
The yak's fire resistance burns away.
The yak gores you but does no damage.
Casting: Scorch (safe; 1% risk of failure)
Confirm with . or Enter, or press ? or * to list all spells.
Flames lash the yak but do no damage.
The yak gores you but does no damage.
Casting: Scorch (safe; 1% risk of failure)
Confirm with . or Enter, or press ? or * to list all spells.
Flames lash the yak.
The yak is moderately wounded.
The yak is no longer more vulnerable to fire.
The yak gores you. The yak gores you!
Unknown command.
You conjure some foxfire!
The yak gores you but does no damage. The yak closely misses you.
Casting: Foxfire (safe; 1% risk of failure)
Confirm with . or Enter, or press ? or * to list all spells.
Flames lash the yak.
The yak is burned terribly!
The yak is heavily wounded.
The foxfire hits the yak.
The yak is heavily wounded.
The foxfire hits the yak.
The yak is heavily wounded.
The yak gores you. x2
Casting: Scorch (safe; 1% risk of failure)
Confirm with . or Enter, or press ? or * to list all spells.
Casting: Flame Wave (dangerous; 4% risk of failure)
Press: ? - help, Dir - look around, f - activate A wave of flame ripples out!
The flame wave engulfs the yak!
The yak is burned terribly!
The yak is severely wounded.
The flame wave engulfs the yak!
The yak is almost dead. (Press . to intensify the flame waves.)
The yak gores you!
* * * LOW HITPOINT WARNING * * *
The yak gores you!
You die...

#####..............#.#..###.###
####.....).......#.## #....
##..............######..
#......................
#............######....
#...........## #....
###..........## #####
#####..........# ##
##########.....Y@†......### ##÷
#..........###.Y..........#
###.. #......#####
#.......(.##.###...# #?.....
######.##..#........ #######
#.###.#........ #######
#.#............ ##.....##
#...#(.#....... ##.......##
#.####......... #.........#
###..#####.......


You could see 2 yaks.

Vanquished Creatures
  Eustachio (D:4)
  A yak (D:5)
  2 water moccasins
  2 black bears (D:5)
  A phantom (D:5)
  A scorpion (D:5)
  A jelly (D:5)
  An orc priest (D:4)
  2 hounds (D:5)
  6 orc wizards
  3 gnolls (D:5)
  5 adders
  An ufetubus (D:5)
  2 worms
  2 dart slugs
  19 orcs
  A ball python (D:2)
  4 bats
  4 endoplasms
  3 giant cockroaches
  8 hobgoblins
  9 kobolds
  5 quokkas
  5 frilled lizards
  5 goblins
  8 rats
102 creatures vanquished.

Vanquished Creatures (others)
  306 foxfires
306 creatures vanquished.

Grand Total: 408 creatures vanquished

Notes
Turn   | Place    | Note
-------+----------+-------------------------------------------
     0 | D:1      | ArthurDent the Deep Elf Fire Elementalist began the quest
                  | for the Orb.
     0 | D:1      | Reached XP level 1. HP: 10/10 MP: 6/6
   280 | D:1      | Reached XP level 2. HP: 15/15 MP: 2/8
   333 | D:1      | Found Tyedeen's Armour Boutique.
   459 | D:1      | Found a faded altar of an unknown god.
   682 | D:1      | Learned a level 2 spell: Scorch
   991 | D:2      | Reached XP level 3. HP: 19/19 MP: 0/10
  1560 | D:2      | Reached skill level 4 in Spellcasting
  1574 | D:2      | Found a sparkling altar of Nemelex Xobeh.
  1883 | D:3      | Reached XP level 4. HP: 23/24 MP: 1/12
  2359 | D:3      | Reached XP level 5. HP: 28/28 MP: 12/14
  2601 | D:3      | Found a blossoming altar of Fedhas.
  2603 | D:3      | Found a glowing golden altar of the Shining One.
  2604 | D:3      | Found a snail-covered altar of Cheibriados.
  2835 | D:4      | Found a radiant altar of Vehumet.
  2857 | D:4      | Became a worshipper of Vehumet
  2892 | D:4      | Reached skill level 5 in Spellcasting
  3036 | D:4      | Noticed a water moccasin
  3040 | D:4      | Killed a water moccasin
  3041 | D:4      | Reached skill level 5 in Fire Magic
  3041 | D:4      | Reached XP level 6. HP: 32/32 MP: 8/16
  3274 | D:4      | Found an opulent altar of Gozag.
  3274 | D:4      | Noticed Eustachio
  3284 | D:4      | Killed Eustachio
  3285 | D:4      | Reached skill level 6 in Spellcasting
  3456 | D:4      | Found a staircase to the Ecumenical Temple.
  3503 | D:4      | Found a burning altar of Makhleb.
  3605 | D:4      | Reached * piety under Vehumet
  3605 | D:4      | Offered knowledge of Sandblast by Vehumet.
  3606 | D:4      | Reached XP level 7. HP: 36/36 MP: 9/18
  3698 | D:4      | Learned a level 4 spell: Flame Wave
  3859 | D:5      | Entered Level 5 of the Dungeon
  3999 | D:5      | Reached skill level 5 in Conjurations
  4061 | D:5      | Reached skill level 7 in Spellcasting
  4083 | D:5      | Reached XP level 8. HP: 41/41 MP: 7/21
  4549 | D:5      | Reached skill level 8 in Spellcasting
  4611 | D:5      | Mangled by a yak

Illustrated notes

Levels and vault maps discovered:
D:1:      heliophobic_arrival_ceremonial_halls, layout_basic,
          ebering_ecumenical_altar_sacrificial, serial_shops, shop
D:2:      layout_basic, basic_altar
D:3:      layout_loops_ring, chequers_temple_overflow_statue_of_worship
D:4:      layout_gridville, grunt_gozag_statues, nicolae_vehumet_radiance,
          lightli_temple_of_fire, temple_hall, uniq_eustachio
D:5:      layout_rooms

Skill      XL: |  1  2  3  4  5  6  7  8 |
---------------+-------------------------+-----
Conjurations   | 2 3 4 5 6 |  6.3
Fire Magic     | 4 5 6 7 |  7.1
Spellcasting   | 4 5 6 7 8 |  8.0
Dodging        | |  2.4
Stealth        | |  2.4

Action                   |  1- 3 |  4- 6 |  7- 9 || total
-------------------------+-------+-------+-------++-------
Melee: Unarmed           |     1 |     1 |       ||     2
       Dagger            |       |       |     7 ||     7
 Cast: Foxfire           |    57 |    71 |    47 ||   175
       Scorch            |    13 |    16 |    14 ||    43
       Flame Wave        |       |       |     1 ||     1
  Use: Scroll            |       |     2 |     8 ||    10
Armor: Robe              |     1 |     1 |     4 ||     6
Dodge: Dodged            |     9 |     6 |     6 ||    21
